 Dungeon Crawl Stone Soup version 0.29-a0-233-g1125b37a9b (webtiles) character file.

Game seed: 12423931636505337094

281 siradein the Grave Robber (level 6, -4/45 HPs)
             Began as a Ghoul Necromancer on Mar 2, 2022.
             Shot with an arrow by a centaur (8 damage)
             ... on level 4 of the Dungeon.
             The game lasted 00:14:40 (5485 turns).

siradein the Grave Robber (Ghoul Necromancer)       Turns: 5485, Time: 00:14:41

Health: -4/45      AC:  6    Str: 12    XL:     6   Next: 27%
Magic:  5/7        EV: 12    Int: 12    God:
Gold:   166        SH:  0    Dex:  9    Spells: 0/8 levels left

rFire   . . .      SeeInvis .   n - staff of death
rCold   + . .      Faith    .   (no shield)
rNeg    + + +      Spirit   .   a - +0 robe
rPois   ∞          Reflect  .   s - +1 helmet
rElec   .          Harm     .   (no cloak)
rCorr   .          Rampage  .   q - +0 pair of gloves
Will    .....                   b - +0 pair of boots
Stlth   ++........              (no amulet)
HPRegen 0.00/turn               (no ring)
MPRegen 0.10/turn               (no ring)

@: inhibited regen
A: claws 1, cold resistance 1, negative energy resistance 3, inhibited
regeneration, torment resistance 2
a: no special abilities


You were on level 4 of the Dungeon.
You visited 1 branch of the dungeon, and saw 4 of its levels.

You collected 166 gold pieces.

Inventory:

Hand Weapons
 k - a +1 flail of draining
Armour
 a - a +0 robe (worn)
 b - a +0 pair of boots (worn)
 q - a +0 pair of gloves (worn)
 s - a +1 helmet (worn)
Magical Staves
 n - a staff of death (weapon)
Jewellery
 z - a ring of magical power
Wands
 m - a wand of digging (4)
 w - a wand of paralysis (2)
Scrolls
 e - a scroll of holy word {unknown}
 f - 2 scrolls of identify {unknown}
 g - a scroll of noise {unknown}
 i - a scroll of immolation {unknown}
 j - a scroll of enchant weapon {unknown}
 p - a scroll of blinking {unknown}
 r - 2 scrolls of teleportation {unknown}
 t - 2 scrolls of fog {unknown}
 y - a scroll of enchant armour {unknown}
Potions
 c - a potion of mutation {unknown}
 d - 2 potions of might {unknown}
 h - a potion of invisibility {unknown}
 l - 2 potions of flight {unknown}
 o - a potion of resistance {unknown}
 u - a potion of magic {unknown}
 v - 3 potions of curing {unknown}
 x - a potion of haste {unknown}


   Skills:
 - Level 1.7 Dodging
 - Level 2.1 Stealth
 - Level 1.7 Spellcasting
 + Level 7.4 Necromancy


You couldn't memorise any spells.
You knew the following spells:

 Your Spells              Type           Power      Damage    Failure   Level
a - Pain                  Necr           100%       1d9       1%          1
b - Vampiric Draining     Necr           28%        2d8       4%          3
c - Animate Dead          Necr           14%        N/A       13%         4

Your spell library contained the following spells:

 Spells                   Type           Power      Damage    Failure   Level
 Animate Skeleton         Necr           56%        N/A       1%          1
 Agony                    Necr           28%        N/A       36%         5
 Tukima's Dance           Hex            1%         N/A       63%         3
 Passage of Golubria      Tloc           1%         N/A       95%         4
 Yara's Violent Unravell  Hex/Tmut       0%         3d3       100%        5
 Malign Gateway           Summ/Tloc      0%         N/A       100%        7
 Summon Horrible Things   Summ           0%         N/A       100%        8


Dungeon Overview and Level Annotations

Branches:
Dungeon (4/15)
 Temple: D:4-7

Altars:
Elyvilon

Shops:
D:2 (

Annotations:
D:3 1 runed translucent door, Crazy Yiuf


Innate Abilities, Weirdness & Mutations

You thrive by killing the living.
You are immune to poison.
You have sharp fingernails.
Your flesh is cold resistant. (rC+)
You are immune to negative energy. (rN+++)
You do not regenerate when monsters are visible.
You are immune to unholy pain and torment.


Message History

The centaur resists with some effort.
The centaur closely misses you.
The centaur kicks you but does no damage.
The adder bites you but does no damage.
Unknown command.
Aiming: Paralyse
Press: ? - help, Shift-Dir - straight line, f/p - centaur
Aim: a centaur (moderately wounded, chance to affect: 49%)
The centaur resists with some effort.
The centaur hits you.
* * * LOW HITPOINT WARNING * * *
The centaur kicks you but does no damage.
The adder closely misses you. The centaur hits you.
* * * LOW HITPOINT WARNING * * *
The centaur barely misses you.
Aiming: Paralyse
Press: ? - help, Shift-Dir - straight line, f/p - centaur
Aim: a centaur (moderately wounded, chance to affect: 49%)
The centaur suddenly stops moving!
The adder bites you but does no damage. The adder bites you.
* * * LOW HITPOINT WARNING * * *
The adder misses you. The adder closely misses you.
The adder bites you but does no damage. The adder bites you.
* * * LOW HITPOINT WARNING * * *
The adder closely misses you. The adder misses you. The adder misses you.
The adder bites you but does no damage. The adder bites you but does no damage.
The centaur wields a +0 shortbow.
The centaur shoots an arrow.
The arrow barely misses you.
The centaur shoots an arrow.
The arrow hits you but does no damage. The adder bites you but does no damage.
The centaur shoots an arrow.
The arrow closely misses you. The adder bites you but does no damage.
Things that are here:
a +0 dagger; 3 stones The adder bites you but does no damage.
The centaur shoots an arrow.
The arrow hits you!
You die...

#.## ...## ### .##.##
#.# ###..#### #.# #
##....## ##.# #
#.....## #..#
####.##...## #.<#
.#..##.....####.)#
#..##....#...##.@#
##......###...)..#
#.....## ##..)cS## .
#..#.## ##.......## ..
##.#..###...##....##...
#....##...###.........
#..#.÷...## ##........
#.......## ##.......#
#......## #...#.....


You could see a centaur and an adder.

Vanquished Creatures
  A centaur (D:3)
  An iguana (D:4)
  2 gnolls (D:3)
  4 adders
  A shadow imp (D:3)
  5 worms
  2 dart slugs
  10 orcs
  8 bats
  10 endoplasms
  7 giant cockroaches
  6 goblins
  A hobgoblin (D:2)
  8 jackals
  4 quokkas
  3 ball pythons
  3 frilled lizards
  7 kobolds
  3 rats
86 creatures vanquished.

Notes
Turn   | Place    | Note
-------+----------+-------------------------------------------
     0 | D:1      | siradein the Ghoul Necromancer began the quest for the Orb.
     0 | D:1      | Reached XP level 1. HP: 14/14 MP: 2/2
   338 | D:1      | Reached XP level 2. HP: 20/20 MP: 1/3
  1121 | D:1      | Reached XP level 3. HP: 26/26 MP: 2/4
  1161 | D:1      | Reached skill level 5 in Necromancy
  1309 | D:1      | Found a faded altar of an unknown god.
  2081 | D:2      | Found Yjeineug's Weapon Emporium.
  2319 | D:2      | Reached XP level 4. HP: 27/33 MP: 0/5
  2972 | D:2      | Found Yjeineug's Weapon Emporium.
  3391 | D:3      | Learned a level 3 spell: Vampiric Draining
  3678 | D:3      | Found a runed translucent door.
  3679 | D:3      | Noticed Crazy Yiuf
  3848 | D:3      | Reached skill level 6 in Necromancy
  4117 | D:3      | Reached XP level 5. HP: 38/38 MP: 4/6
  4282 | D:3      | Noticed a centaur
  4289 | D:3      | Killed a centaur
  4380 | D:3      | Reached skill level 7 in Necromancy
  4480 | D:3      | Reached XP level 6. HP: 45/45 MP: 1/7
  5104 | D:4      | Learned a level 4 spell: Animate Dead
  5485 | D:4      | Shot with an arrow by a centaur

Illustrated notes

Levels and vault maps discovered:
D:1:      amcnicky_arrival_gap_in_the_tavern_cellar, layout_basic,
          basic_ecumenical_altar, minmay_misc_feat_nine_boxes,
          minmay_heptomino_o4
D:2:      minmay_chambers_of_twos, layout_basic, serial_shops,
          nicolae_shop_bloodbath_and_beyond
D:3:      layout_loops_ring, lemuel_doored_altar, uniq_crazy_yiuf_cottage
D:4:      layout_layer_cave, chequers_serial_rivers_room_a

Skill      XL: |  1  2  3  4  5 |
---------------+----------------+-----
Necromancy     | 5 6 7 |  7.4
Dodging        | |  1.7
Stealth        | |  2.1
Spellcasting   | |  1.7

Action                   |  1- 3 |  4- 6 || total
-------------------------+-------+-------++-------
Melee: Unarmed           |    31 |       ||    31
       Flail             |    14 |    32 ||    46
       Staff             |    14 |    36 ||    50
       Punch             |     1 |       ||     1
 Cast: Pain              |    68 |   102 ||   170
       Vampiric Draining |       |     2 ||     2
Evoke: Wand              |       |     3 ||     3
Armor: Robe              |    29 |    52 ||    81
Dodge: Dodged            |    73 |   102 ||   175

Table legend: (Time is in decaauts)
 A = Elapsed time spent in this place.
 B = Non-inter-level travel time spent in this place.
 C = Inter-level travel time spent in this place.
 D = Time resting spent in this place.
 E = Time spent auto-exploring this place.
 F = Levels seen in this place.
 G = Mean time per level.
                   A        B        C        D        E       F      G
               +--------+--------+--------+--------+--------+-----+--------+
         Total |   5509 |   5389 |    120 |    122 |   4354 |   4 | 1377.2 |
       Dungeon |   5509 |   5389 |    120 |    122 |   4354 |   4 | 1377.2 |
               +--------+--------+--------+--------+--------+-----+--------+

Top non-repeatable levels by time:
     D:2: 1893 daAuts
     D:1: 1493 daAuts
     D:3: 1413 daAuts
     D:4: 708 daAuts
